 Dungeon Crawl Stone Soup version 0.25-a0-1133-g93ebf739aa (webtiles) character file.

Game seed: 8557497933026059277, levelgen mode: deterministic

33 vurker the Ruffian (level 3, -3/30 HPs)
             Began as a Ghoul Warper on May 22, 2020.
             Slain by Sigmund
             ... wielding a +0 scythe
              (8 damage)
             ... on level 2 of the Dungeon.
             The game lasted 00:01:50 (1560 turns).

vurker the Ruffian (Ghoul Warper)                   Turns: 1560, Time: 00:01:51

Health: -3/30      AC:  5    Str: 15    XL:     3   Next: 29%
Magic:  4/4        EV: 10    Int:  8    God:
Gold:   43         SH:  2    Dex:  8    Spells: 5/5 levels left

rFire    . . .     SeeInvis .     - Unarmed
rCold    + . .     Gourm    .   i - +0 buckler
rNeg     + + +     Faith    .   m - +0 ring mail
rPois    ∞         Spirit   .   (no helmet)
rElec    .         Reflect  .   (no cloak)
rCorr    +         Harm     .   (no gloves)
MR       .....                  (no boots)
Stlth    ..........             (no amulet)
HPRegen  0.00/turn              n - ring of resist corrosion
MPRegen  0.09/turn              (no ring)

@: rotting
A: rotting body, claws 1, carnivore, cold resistance 1, negative energy
resistance 3, inhibited regeneration, torment resistance, unbreathing
a: no special abilities


You were on level 2 of the Dungeon.
You were not hungry.

You visited 1 branch of the dungeon, and saw 2 of its levels.

You collected 43 gold pieces.

Inventory:

Missiles
 d - 5 boomerangs of dispersal (quivered)
Armour
 i - a +0 buckler (worn)
   (You found it on level 1 of the Dungeon)
 m - a +0 ring mail (worn)
   (You found it on level 2 of the Dungeon)
Jewellery
 n - a ring of resist corrosion (left claw)
   (You found it on level 2 of the Dungeon)
Scrolls
 c - a scroll of blinking
 g - 2 scrolls of identify {unknown}
 k - a scroll of enchant weapon {unknown}
 l - 3 scrolls of remove curse {unknown}
 o - a scroll of fog {unknown}
Potions
 a - a potion of stabbing {unknown}
 b - a potion of brilliance {unknown}
 h - a potion of ambrosia {unknown}
 j - a potion of curing {unknown}
Comestibles
 e - 5 rations
 f - 2 chunks of flesh


   Skills:
 + Level 2.5 Fighting
 - Level 0.8 Throwing
 + Level 1.4 Armour
 + Level 2.1 Dodging
 + Level 0.2 Shields
 * Level 3.0 Unarmed Combat
 - Level 1.7 Spellcasting
   Level 2.6 Translocations


You had 5 spell levels left.
You didn't know any spells.
Your spell library contained the following spells:

 Spells                   Type           Power        Failure   Level  Hunger
 Blink                    Tloc           N/A          52%         2    ###....
 Shroud of Golubria       Chrm/Tloc      #.....       71%         2    ###....
 Gell's Gravitas          Tloc           #.........   75%         3    ####...
 Lesser Beckoning         Tloc           #.........   75%         3    ####...
 Teleport Other           Tloc           #.......     75%         3    ####...
 Passage of Golubria      Tloc           N/A          98%         4    #####..


Dungeon Overview and Level Annotations

Branches:
Dungeon (2/15)

Altars:

Annotations:
D:2 Sigmund


Innate Abilities, Weirdness & Mutations

Your body is rotting away.
You thrive on raw meat.
You are immune to poison.
You have sharp fingernails.
You are carnivorous and can eat meat at any time.
Your flesh is cold resistant. (rC+)
You are immune to negative energy. (rN+++)
You do not regenerate when monsters are visible.
You are immune to unholy pain and torment.
You can survive without breathing.


Message History

No target in view!
No target in view!
No target in view!
No target in view!
Things that are here:
a +0 hunting sling; 27 stones; a goblin corpse You butcher the goblin corpse.
f - 2 chunks of flesh
Things that are here:
a +0 hunting sling; 27 stones; a goblin skeleton
Things that are here:
a +0 hunting sling; 27 stones; a goblin skeleton
n - a small onyx ring
n - a ring of resist corrosion (left claw)
Found a scroll labeled VANLI HUESY.
o - a scroll labeled VANLI HUESY No target in view!
Sigmund the Dreaded comes into view.
He is wielding a +0 scythe.
Sigmund shouts!
Sigmund gestures wildly while chanting.
Sigmund flickers and vanishes!
Deactivating autopickup; reactivate with Ctrl-A.
You aren't carrying any items that you can evoke.
You block something's attack.
You closely miss something.
You hear some strange, mumbled words.
Something tries to affect you, but you resist.
You closely miss something. Something hits you.
You barely miss something.
Your shield and ring mail prevent you from hitting something.
Something hits you!
* * * LOW HITPOINT WARNING * * *
Your shield and ring mail prevent you from hitting something.
Something hits you.
* * * LOW HITPOINT WARNING * * *
Unknown command.
Unknown command.
Unknown command.
Unknown command.
You scratch something. You barely miss something. Something hits you.
* * * LOW HITPOINT WARNING * * *
You scratch something. Something hits you but does no damage.
You closely miss something. You barely miss something. Something hits you!
You die...

#.# ##.##
#.# #+# #.#
######.#
#......#
###.#...####
...........+
###.#...####
# ##@##
#..{....#
#.#####.# #
#


There were no monsters in sight!

Vanquished Creatures
  2 oozes (D:1)
  A dart slug (D:2)
  2 giant cockroaches
  5 goblins
  2 hobgoblins
  5 bats
  2 frilled lizards (D:1)
  2 kobolds
  3 rats
24 creatures vanquished.

Notes
Turn   | Place    | Note
-------+----------+-------------------------------------------
     0 | D:1      | vurker the Ghoul Warper began the quest for the Orb.
     0 | D:1      | Reached XP level 1. HP: 17/17 MP: 2/2
    41 | D:1      | Reached skill level 1 in Armour
   233 | D:1      | Reached XP level 2. HP: 24/24 MP: 3/3
   349 | D:1      | You fall into a shaft and drop 1 floor!
  1010 | D:2      | Reached XP level 3. HP: 30/30 MP: 4/4
  1165 | D:2      | Reached skill level 3 in Unarmed Combat
  1546 | D:2      | Noticed Sigmund
  1560 | D:2      | Slain by Sigmund

Illustrated notes

Levels and vault maps discovered:
D:1:      dpeg_arrival_round_a, layout_rooms
D:2:      layout_loops_corners, first_ration, minmay_between, uniq_sigmund

Skill      XL: |  1  2  3 |
---------------+----------+-----
Armour         | 1 |  1.4
Dodging        | 2 |  2.1
Unarmed Combat | 3 |  3.0
Fighting       | |  2.5
Throwing       | |  0.8
Shields        | |  0.2
Spellcasting   | |  1.7
Translocations | |  2.6

Action                   || total
-------------------------++-------
Melee: Unarmed           ||   112
  Eat: Chunk             ||     5
Armor: Leather armour    ||    17
       Ring mail         ||     4
Dodge: Dodged            ||    61
Block: Buckler           ||     4

Table legend:
 A = Non-vault XP
 B = Vault XP
 C = Vault XP percentage of total XP
 D = Non-vault monster count
 E = Vault monster count
 F = Vault count percentage of total count
                 A         B        C        D         E       F
            +---------+---------+-------+---------+---------+-------
      Total |      48 |       0 |   0.0 |      24 |       0 |   0.0
            +---------+---------+-------+---------+---------+-------
        D:1 |      30 |       0 |   0.0 |      14 |       0 |   0.0
        D:2 |      18 |       0 |   0.0 |      10 |       0 |   0.0
            +---------+---------+-------+---------+---------+-------
